 Dungeon Sprint DCSS version 0.29-a0-251-g80730f7218 (webtiles) character file.

Game seed: 5112477969492952390

14 Anunax the Chiller (level 2, -11/19 HPs)
             Began as a Vampire Ice Elementalist on Mar 5, 2022.
             Mangled by an ogre
             ... wielding a +0 giant club
              (24 damage)
             ... in the Dungeon (Sprint IX: "|||||||||||||||||||||||||||||").
             The game lasted 00:01:31 (52 turns).

Anunax the Chiller (Vampire Ice Elementalist)         Turns: 52, Time: 00:01:33

Health: -11/19     AC:  2    Str:  7    XL:     2   Next: 31%
Magic:  4/5        EV: 12    Int: 17    God:
Gold:   0          SH:  0    Dex: 14    Spells: 4/5 levels left

rFire   . . .      SeeInvis +   h - +1 dagger (elec)
rCold   . . .      Faith    .   (no shield)
rNeg    . . .      Spirit   .   a - +0 robe
rPois   .          Reflect  .   (no helmet)
rElec   .          Harm     .   (no cloak)
rCorr   .          Rampage  .   (no gloves)
Will    .....      NoTele   +   (no boots)
Stlth   ++........              (no amulet)
HPRegen 0.26/turn               (no ring)
MPRegen 0.09/turn               (no ring)

@: healing quickly
A: alive, fangs 3, see invisible, vampiric 1
a: Exsanguinate


You were in the Dungeon.
You visited 1 branch

Inventory:

Hand Weapons
 h - a +1 dagger of electrocution (weapon)
Armour
 a - a +0 robe (worn)
Scrolls
 g - a scroll of blinking
Potions
 b - a potion of curing
 c - a potion of heal wounds
 d - a potion of haste
 e - 2 potions of magic
 f - a potion of berserk rage


   Skills:
 + Level 2.7 Dodging
 + Level 3.4 Stealth
 + Level 2.4 Spellcasting
 + Level 5.7 Ice Magic


You had 4 spell levels left.
You knew the following spells:

 Your Spells              Type           Power      Damage    Failure   Level
a - Freeze                Ice            84%        1d10      1%          1

Your spell library contained the following spells:

 Spells                   Type           Power      Damage    Failure   Level
 Frozen Ramparts          Ice            42%        1d6       5%          3
 Ozocubu's Armour         Ice            21%        N/A       5%          3
 Hailstorm                Conj/Ice       11%        3d5       50%         4


Dungeon Overview and Level Annotations

Branches:
Dungeon (1/1)

Altars:


Innate Abilities, Weirdness & Mutations

Your natural rate of healing is accelerated.
You have razor-sharp teeth.
You have supernaturally acute eyesight. (SInv)
You are afflicted with vampirism.


Message History

The frilled lizard is heavily wounded.
The frilled lizard bites you.
You hit the frilled lizard but do no damage.
The frilled lizard is heavily wounded.
The frilled lizard bites you.
You hit the frilled lizard.
You kill the frilled lizard!
You barely miss the rat. The rat barely misses you.
You hit the rat. Lightning courses through the rat!
You kill the rat!
Your Ice Magic skill increases to level 5!
Things that are here:
a rat corpse; a frilled lizard corpse Unknown command.
HP restored.
Magic restored.
There is an open door to the Dungeon here.
Things that are here:
a +0 dagger; a rat corpse You open the door.
A gnoll, an ogre, an ice beast and 2 orcs come into view.
The ogre shouts!
The gnoll shouts!
You barely miss the gnoll. The gnoll hits you with a +0 club.
You hit the gnoll. You bite the gnoll.
The gnoll is heavily wounded.
The gnoll closely misses you.
You hit the gnoll. Lightning courses through the gnoll!!
You kill the gnoll!
The orc priest looks braver for a moment.
You have reached level 2!
Casting: Freeze (safe; 1% risk of failure)
Confirm with . or Enter, or press ? or * to list all spells.
Aiming: Freeze (safe; 1% risk of failure)
Press: ? - help, Shift-Dir - straight line, f - ogre
Aim: an ogre, wielding a +0 giant club You freeze the ogre!
The ogre is moderately wounded.
The ogre hits you with a +0 giant club!!
Ouch! That really hurt!
You die... ▓▓▓▓▓▓▓▓▓▓▓▓▓▓▓▓▓▓ ▓<..†')...@OY.oo.+ ▓▓▓▓▓▓▓▓▓▓▓▓▓▓▓▓▓▓

You could see an ice beast, an ogre, an orc priest and an orc.

Vanquished Creatures
  A gnoll (D)
  2 goblins (D)
  A frilled lizard (D)
  2 rats (D)
6 creatures vanquished.

Notes
Turn   | Place    | Note
-------+----------+-------------------------------------------
     0 | D        | Anunax the Vampire Ice Elementalist began the quest for the
                  | Orb.
     0 | D        | Reached XP level 1. HP: 13/13 MP: 3/3
    18 | D        | Reached skill level 5 in Ice Magic
    48 | D        | Noticed an ogre
    48 | D        | Noticed an ice beast
    48 | D        | Noticed an orc priest
    52 | D        | Reached XP level 2. HP: 13/19 MP: 5/5
    52 | D        | Mangled by an ogre

Illustrated notes

Levels and vault maps discovered:
D:        linesprint [early_d, line_temple, items_1, d_10, items_2, lair_1,
          lair_end, items_3, orc_1, orc_end, items_4, d_15, swamp_1, shoals_1,
          snake_1, spider_1, d_20, vaults_1, items_5, swamp_end, shoals_end,
          snake_end, spider_end, vaults_end, d_27, items_6, zot_1, zot_end,
          crypt_end, forest_end, elf_end, slime_end, tomb_end, abyss_end,
          pan_hell_end]

Skill      XL: |  1 |
---------------+----+-----
Ice Magic      | 5 |  5.7
Dodging        | |  2.7
Stealth        | |  3.4
Spellcasting   | |  2.4

Action                   || total
-------------------------++-------
Melee: Dagger            ||     9
       Bite              ||     1
 Cast: Freeze            ||     4
Armor: Robe              ||     1
Dodge: Dodged            ||     2

Table legend: (Time is in decaauts)
 A = Elapsed time spent in this place.
 B = Non-inter-level travel time spent in this place.
 C = Inter-level travel time spent in this place.
 D = Time resting spent in this place.
 E = Time spent auto-exploring this place.
 F = Levels seen in this place.
 G = Mean time per level.
                   A        B        C        D        E       F      G
               +--------+--------+--------+--------+--------+-----+--------+
         Total |     51 |     51 |      0 |      0 |     31 |   1 |   51.0 |
       Dungeon |     51 |     51 |      0 |      0 |     31 |   1 |   51.0 |
               +--------+--------+--------+--------+--------+-----+--------+

Top non-repeatable levels by time:
       D: 51 daAuts
